 Dungeon Crawl Stone Soup version 0.29-a0-334-gb41bcbb86e (webtiles) character file.

Game seed: 7702916542415861055

138 Jortsu the Cudgeller (level 5, -4/53 HPs)
             Began as a Troll Fighter on Apr 15, 2022.
             Was a Priest of Ru.
             Killed by divine providence
             ... invoked by an orc priest
              (13 damage)
             ... on level 4 of the Dungeon.
             The game lasted 00:06:21 (2640 turns).

Jortsu the Cudgeller (Troll Fighter)                Turns: 2640, Time: 00:06:22

Health: -4/53      AC:  5    Str: 24    XL:     5   Next: 1%
Magic:  4/4        EV:  9    Int:  4    God:    Ru [***...]
Gold:   131        SH:  7    Dex: 11    Spells: 4/4 levels left

rFire   . . .      SeeInvis .   a - +0 flail
rCold   . . .      Faith    .   c - +0 kite shield
rNeg    . . .      Spirit   .   b - +1 robe
rPois   .          Reflect  .   (helmet restricted)
rElec   .          Harm     .   (no cloak)
rCorr   .          Rampage  .   (gloves unavailable)
Will    .....                   (boots unavailable)
Stlth   ..........              (no amulet)
HPRegen 0.97/turn               o - ring of flight
MPRegen 0.09/turn               (no ring)

@: flying
A: large, unfitting armour, claws 3, regeneration 1, shaggy fur 1, tough skin 1,
no stealth, inability to use devices
a: Renounce Religion, Draw Out Power


You were on level 4 of the Dungeon.
You worshipped Ru.
Ru was most pleased with you.
You visited 1 branch of the dungeon, and saw 4 of its levels.

You collected 131 gold pieces.

Inventory:

Hand Weapons
 a - a +0 flail (weapon)
Missiles
 f - 2 throwing nets (quivered)
Armour
 b - a +1 robe (worn)
 c - a +0 kite shield (worn)
Jewellery
 o - a ring of flight (left claw)
Scrolls
 e - a scroll of vulnerability
 i - a scroll of fear
 j - 2 scrolls of enchant armour
Potions
 d - a potion of might
 g - a potion of brilliance {unknown}
 h - 2 potions of curing
 k - a potion of heal wounds
 l - a potion of haste
 m - a potion of berserk rage
 n - a potion of invisibility {unknown}


   Skills:
 + Level 3.0 Fighting
 + Level 3.1 Maces & Flails
 + Level 2.9 Dodging
 + Level 3.0 Shields


You had 4 spell levels left.
You didn't know any spells.
Your spell library contained the following spells:

 Spells                   Type           Power      Damage    Failure   Level
 Blink                    Tloc           0%         N/A       90%         2
 Ensorcelled Hibernation  Hex/Ice        0%         N/A       90%         2
 Spider Form              Tmut/Pois      0%         N/A       99%         3
 Anguish                  Hex/Necr       0%         N/A       100%        4
 Manifold Assault         Tloc           0%         N/A       100%        5
 Storm Form               Tmut/Air       0%         N/A       100%        7


Dungeon Overview and Level Annotations

Branches:
Dungeon (4/15)
 Temple: D:4-7

Altars:
Ru
Xom

Shops:
D:3 :


Innate Abilities, Weirdness & Mutations

You are too large for most types of armour.
You have claws for hands.
Your natural rate of healing is unusually fast.
You are covered in fur. (AC +1)
You have tough skin. (AC +1)
You cannot be stealthy.
You cannot study or use magical devices.


Message History

The orc priest invokes the aid of Beogh against you.
Pain shoots through your body!
You sock the orc priest!
The orc priest is heavily wounded.
The orc priest mumbles some strange prayers to Beogh against you.
Pain shoots through your body! The orc priest barely misses you.
You block the orc priest's attack.
The orc priest calls down the wrath of Beogh upon you.
Beogh smites you!
* * * LOW HITPOINT WARNING * * *
You hit the orc priest.
The orc priest is almost dead.
You block the orc priest's attack.
The orc priest looks encouraged for a moment.
You barely miss the orc priest.
The orc priest is almost dead.
The orc priest begins to cast a cantrip, but forgets the words!
The orc priest begins to pray, but is stunned by your conviction!
You closely miss the orc priest.
The orc priest is almost dead.
The orc priest hits you with a +0 mace!
* * * LOW HITPOINT WARNING * * *
The orc priest begins to pray, but is stunned by your conviction!
You block the orc priest's attack.
The orc priest begins to pray, but is stunned by your conviction!
You closely miss the orc priest.
The orc priest is almost dead.
The orc priest barely misses you.
The orc priest looks satisfied for a moment.
You hit the orc priest but do no damage.
The orc priest is almost dead.
The orc priest hits you but does no damage.
You block the orc priest's attack.
You completely miss the orc priest.
The orc priest is almost dead.
You block the orc priest's attack. The orc priest hits you with a +0 club.
* * * LOW HITPOINT WARNING * * *
The orc priest mumbles some strange prayers to Beogh against you.
Beogh smites you!
You die...

##### # ##..†##
>.⌠ #..o@<#
#....##+##'.o.##
#.....#####
##.⌠..# #.....#
##......
#........
#.........
##########


You could see 2 orc priests.

Vanquished Creatures
  2 gnolls
  3 adders
  3 worms
  2 dart slugs (D:1)
  2 orcs (D:3)
  8 ball pythons
  3 endoplasms
  5 giant cockroaches
  8 goblins
  13 hobgoblins
  2 jackals (D:3)
  2 quokkas (D:2)
  4 bats
  4 frilled lizards
  8 kobolds
  4 rats
73 creatures vanquished.

Vanquished Creatures (others)
  A goblin (D:2)
  7 plants (D:2)
8 creatures vanquished.

Grand Total: 81 creatures vanquished

Notes
Turn   | Place    | Note
-------+----------+-------------------------------------------
     0 | D:1      | Jortsu the Troll Fighter began the quest for the Orb.
     0 | D:1      | Reached XP level 1. HP: 22/22 MP: 0/0
   101 | D:1      | Reached XP level 2. HP: 29/29 MP: 1/1
   149 | D:1      | Found a faded altar of an unknown god.
   155 | D:1      | Prayed at the altar of an unknown god.
   155 | D:1      | Became a worshipper of Ru the Awakened
   159 | D:1      | Gained mutation: You cannot study or use magical devices.
                  | [Ru sacrifice]
   159 | D:1      | Reached * piety under Ru
   159 | D:1      | Reached ** piety under Ru
   394 | D:1      | Reached XP level 3. HP: 36/36 MP: 2/2
   856 | D:2      | Reached XP level 4. HP: 39/44 MP: 3/3
  1358 | D:2      | Identified the +1 leather armour of the Hills {rC+ Will++
                  | Dex+4}
  1896 | D:3      | Found a shimmering altar of Xom.
  1942 | D:3      | Found Hiesset's Book Shoppe.
  2237 | D:3      | Gained mutation: You cannot be stealthy. [Ru sacrifice]
  2237 | D:3      | Reached *** piety under Ru
  2531 | D:3      | Reached XP level 5. HP: 53/53 MP: 4/4
  2640 | D:4      | Killed from afar by an orc priest

Illustrated notes

Levels and vault maps discovered:
D:1:      scummos_arrival_forest, layout_loops_cross,
          shapermc_ecumenical_altar_hornbeckon
D:2:      layout_basic, nicolae_grassy_gnolls
D:3:      layout_loops_corners, mainiacjoe_overflow_24_doors, serial_shops,
          nicolae_shop_statue_plus
D:4:      layout_rooms, old_standard_altar, grunt_ministairs_4, uniq_robin

Skill      XL: |  1  2  3  4 |
---------------+-------------+-----
Maces & Flails | 2 3 |  3.1
Shields        | 3 |  3.0
Fighting       | 3 |  3.0
Dodging        | |  2.9

Action                   |  1- 3 |  4- 6 || total
-------------------------+-------+-------++-------
Melee: Flail             |   140 |   118 ||   258
Invok: Sacrifice Artific |     1 |       ||     1
       Sacrifice Stealth |       |     1 ||     1
  Use: Scroll            |     3 |     6 ||     9
 Stab: Sleeping          |     2 |     1 ||     3
       Invisible         |     3 |     1 ||     4
Armor: Robe              |    67 |    37 ||   104
Dodge: Dodged            |    74 |    46 ||   120
Block: Kite shield       |    82 |    62 ||   144

Table legend: (Time is in decaauts)
 A = Elapsed time spent in this place.
 B = Non-inter-level travel time spent in this place.
 C = Inter-level travel time spent in this place.
 D = Time resting spent in this place.
 E = Time spent auto-exploring this place.
 F = Levels seen in this place.
 G = Mean time per level.
                   A        B        C        D        E       F      G
               +--------+--------+--------+--------+--------+-----+--------+
         Total |   2755 |   2658 |     97 |    105 |   1712 |   4 |  688.8 |
       Dungeon |   2755 |   2658 |     97 |    105 |   1712 |   4 |  688.8 |
               +--------+--------+--------+--------+--------+-----+--------+

Top non-repeatable levels by time:
     D:3: 1099 daAuts
     D:2: 857 daAuts
     D:1: 763 daAuts
     D:4: 34 daAuts
